 Dungeon Crawl Stone Soup version 0.25.0-65-g31bcc41 (webtiles) character file.

1648 Dorkslayer the Covered (level 9, -11/54 HPs)
             Began as a Gargoyle Fighter on Nov 10, 2020.
             Was a Believer of Okawaru.
             Mangled by a two-headed ogre
             ... wielding a +0 giant club
              (13 damage)
             ... on level 2 of the Dungeon.
             The game lasted 00:03:59 (1191 turns).

Dorkslayer the Covered (Gargoyle Fighter)           Turns: 1191, Time: 00:04:00

Health: -11/54     AC: 17    Str: 29      XL:     9   Next: 0%
Magic:  9/12       EV: 12    Int:  7 (8)  God:    Okawaru [**....]
Gold:   89         SH: 12    Dex:  9      Spells: 8/8 levels left

rFire    . . .     SeeInvis .   a - +0 long sword
rCold    . . .     Gourm    .   c - +0 shield
rNeg     + . .     Faith    .   b - +0 scale mail
rPois    ∞         Spirit   .   j - +0 helmet
rElec    +         Reflect  .   (no cloak)
rCorr    .         Harm     .   (no gloves)
MR       .....                  (no boots)
Stlth    +.........             (no amulet)
HPRegen  0.18/turn              (no ring)
MPRegen  0.13/turn              (no ring)

@: mighty, heroism
A: negative energy resistance 1, electricity resistance, unbreathing,
petrification resistance, rot immunity, AC +6
a: Heroism, Renounce Religion


You were on level 2 of the Dungeon.
You worshipped Okawaru.
Okawaru was pleased with you.
You were not hungry.

You visited 2 branches of the dungeon, and saw 3 of its levels.

You collected 89 gold pieces.

Inventory:

Hand Weapons
 a - a +0 long sword (weapon)
Armour
 b - a +0 scale mail (worn)
 c - a +0 shield (worn)
 j - a +0 helmet (worn)
Scrolls
 h - a scroll of remove curse
Potions
 i - a potion of invisibility {unknown}
 k - a potion of curing
 l - a potion of degeneration
Comestibles
 f - a ration


   Skills:
 + Level 5.3(10.3) Fighting
 + Level 5.9(10.9) Long Blades
 + Level 6.6(11.6) Armour
 + Level 1.5(6.5) Dodging
 + Level 5.3(10.3) Shields
 * Level 4.8 Invocations


You had 8 spell levels left.
You didn't know any spells.
Your spell library was empty.

Dungeon Overview and Level Annotations

Branches:
Dungeon (2/3)              Temple (1/1) D:1
  Swamp: D:2-3       Shoals: D:2-3        Snake: D:2-3       Spider: D:2-3
  Slime: D:2-3          Orc: D:2         Vaults: D:2-3

Altars:
Ashenzari
Cheibriados
Dithmenos
Elyvilon
Fedhas
Gozag
Hepliaklqana
Kikubaaqudgha
Makhleb
Nemelex Xobeh
Okawaru
Qazlal
Ru
Sif Muna
Trog
Uskayaw
Vehumet
Wu Jian
Xom
Yredelemnul
Zin
The Shining One


Innate Abilities, Weirdness & Mutations

You are resistant to torment.
Your stone body is resilient. (AC +6)
You are immune to poison.
You resist negative energy. (rN+)
You are resistant to electric shocks. (rElec)
You can survive without breathing.
You are immune to petrification.
You are immune to rotting.


Message History

Your base Dodging skill increases to level 1!
Your base Shields skill increases to level 5!
Your Invocations skill increases to level 4!
You have reached level 8!
You feel stronger.
You have reached level 9!
Your experience leads to an increase in your attributes!
Your base attributes are Str 23, Int 8, Dex 9.
Increase (S)trength, (I)ntelligence, or (D)exterity?
You feel stronger.
You slice the two-headed ogre!!
The two-headed ogre is moderately wounded.
The two-headed ogre hits you with a +0 giant club!
* * * LOW HITPOINT WARNING * * *
The two-headed ogre hits you with a +0 giant club.
* * * LOW HITPOINT WARNING * * *
You slash the two-headed ogre!
The two-headed ogre is severely wounded.
The two-headed ogre hits you with a +0 giant club!
You die...

..... ...
..#. #.# #..#
#.# #.. #.#
#.# #.#
#.#### #.#
#†.$.#
#.###$##.##.
#<.@O)......#
#####.......#
#.......#
#.$......
..(....$#
#..$.?..#
#.......#
.......


You could see a two-headed ogre.

Vanquished Creatures
  A hippogriff (D:2)
  A wyvern (D:2)
  A shadow imp (D:1)
  An adder zombie (D:1)
  A giant cockroach (D:1)
  4 jackals (D:1)
9 creatures vanquished.

Notes
Turn   | Place    | Note
-------+----------+-------------------------------------------
     0 | D:1      | Dorkslayer the Gargoyle Fighter began the quest for the
                  | Orb.
     0 | D:1      | Reached XP level 1. HP: 14/14 MP: 1/1
    38 | D:1      | Found a sacrificial altar of Ru.
    96 | D:1      | Found a shattered altar of Ashenzari.
   407 | D:1      | Reached XP level 2. HP: 19/19 MP: 2/2
   427 | D:1      | Reached XP level 3. HP: 20/24 MP: 3/3
   482 | D:1      | Found a staircase to the Ecumenical Temple.
   488 | Temple   | Entered the Ecumenical Temple
   708 | D:1      | Found an iron altar of Okawaru.
   714 | D:1      | Became a worshipper of Warmaster Okawaru
   741 | D:1      | Reached skill level 4 in Armour
   741 | D:1      | Reached XP level 4. HP: 20/29 MP: 4/4
  1006 | D:1      | Found a hazy altar of Hepliaklqana.
  1010 | D:1      | Found a deep blue altar of Sif Muna.
  1013 | D:1      | Found a burning altar of Makhleb.
  1085 | D:1      | Found an opulent altar of Gozag.
  1085 | D:1      | Found a glowing silver altar of Zin.
  1147 | D:2      | Noticed a wyvern
  1153 | D:2      | Noticed a hippogriff
  1157 | D:2      | Noticed a two-headed ogre
  1158 | D:2      | Killed a wyvern
  1158 | D:2      | Reached * piety under Okawaru
  1158 | D:2      | Reached skill level 5 in Fighting
  1158 | D:2      | Reached skill level 5 in Armour
  1158 | D:2      | Reached XP level 5. HP: 17/35 MP: 4/7
  1158 | D:2      | Reached XP level 6. HP: 19/40 MP: 4/8
  1158 | D:2      | Reached XP level 7. HP: 21/44 MP: 4/9
  1189 | D:2      | Killed a hippogriff
  1189 | D:2      | Reached ** piety under Okawaru
  1189 | D:2      | Reached skill level 5 in Long Blades
  1189 | D:2      | Reached skill level 6 in Armour
  1189 | D:2      | Reached skill level 1 in Dodging
  1189 | D:2      | Reached skill level 5 in Shields
  1189 | D:2      | Reached XP level 8. HP: 15/49 MP: 8/11
  1189 | D:2      | Reached XP level 9. HP: 17/54 MP: 8/12
  1190 | D:2      | HP: 2/54 [two-headed ogre/+0 giant club (3)]
  1191 | D:2      | Mangled by a two-headed ogre

Skill      XL: |  1  2  3  4  5  6  7 |
---------------+----------------------+-----
Long Blades    | 2 4 5 |  5.9
Fighting       | 4 5 |  5.3
Armour         | 4 5 6 |  6.6
Shields        | 4 5 |  5.3
Invocations    | 3 4 |  4.8
Dodging        | 1 |  1.5

Action                   |  1- 3 |  4- 6 |  7- 9 || total
-------------------------+-------+-------+-------++-------
Melee: Long sword        |    41 |     6 |    18 ||    65
Invok: Heroism           |       |       |     1 ||     1
  Use: Potion            |       |     1 |     4 ||     5
       Scroll            |       |       |     1 ||     1
  Eat: Ration            |       |     1 |       ||     1
Armor: Scale mail        |    21 |       |    28 ||    49
Dodge: Dodged            |    10 |     4 |    23 ||    37
Block: Shield            |    19 |     2 |    17 ||    38
       Rpst.: Long sword |     2 |     1 |       ||     3
